Map: Dusk Towers

Players

Ninja

  • Race: Protoss Protoss
  • League: Master

Buster - Winner!

  • Race: Terran Terran
  • League: Grandmaster

VOD

Have the link to the VOD?

Description

Time

  • Played on: May 13, 2016, 10:06 p.m.
  • Length: 19:47
Show
View Real Time Build Order
Export as new Build Order

Ninja Protoss 

Build Orders: 1 Gate Expand 

Get SALT Encoding   

  12  0:01  Probe (Chrono Boost)  
  13  0:11  Probe (Chrono Boost)  
  14  0:18  Pylon  
  14  0:23  Probe (Chrono Boost)  
  15  0:36  Probe (Chrono Boost), Gateway  
  15  0:41  Assimilator  
  16  0:46  Probe (Chrono Boost)  
  18  0:57  Probe (Chrono Boost)  
  18  1:07  Probe (Chrono Boost)  
  19  1:18  Nexus  
  19  1:20  Probe (Chrono Boost)  
  20  1:30  Cybernetics Core  
  20  1:36  Probe (Chrono Boost)  
  20  1:38  Assimilator  
  22  1:47  Probe (Chrono Boost)  
  22  1:51  Pylon  
  22  1:57  Probe (Chrono Boost)  
  23  2:07  Warp Gate  
  23  2:09  Adept (Chrono Boost)  
  23  2:10  Probe  
  26  2:26  Probe (Chrono Boost), Robotics Facility  
  27  2:30  Probe (Chrono Boost)  
  27  2:32  Stalker (Chrono Boost)  
  30  2:37  Probe (Chrono Boost)  
  30  2:39  Probe  
  32  2:49  Probe  
  32  2:50  Probe  
  34  2:59  Mothership Core  
  34  3:01  Probe  
  37  3:10  Nexus  
  37  3:20  Observer (Chrono Boost)  
  37  3:21  Probe  
  37  3:22  Probe  
  37  3:26  Pylon  
  40  3:31  Probe  
  41  3:34  Probe  
  41  3:39  Observer (Chrono Boost)  
  43  3:42  Probe  
  43  3:46  Probe  
  43  3:47  Sentry  
  47  3:52  Probe  
  47  3:55  Assimilator  
  48  3:58  Observer (Chrono Boost), Assimilator, Pylon, Probe  
  48  4:02  Gateway  
  50  4:03  Probe  
  50  4:05  Gateway  
  50  4:07  Gateway  
  51  4:10  Probe  
  51  4:13  Probe  
  53  4:18  Observer (Chrono Boost)  
  53  4:22  Probe  
  55  4:24  Probe  
  55  4:27  Stalker  
  55  4:28  Pylon  
  58  4:34  Probe  
  58  4:37  Probe  
  60  4:40  Probe  
  61  4:46  Observer (Chrono Boost)  
  61  4:47  Probe  
  61  4:51  Adept  
  63  5:01  Probe  
  63  5:02  Probe  
  63  5:03  Probe  
  63  5:05  Immortal (Chrono Boost)  
  70  5:08  Pylon  
  70  5:12  Probe x2  
  72  5:14  Forge  
  72  5:15  Probe  
  72  5:19  Twilight Council, Pylon  
  73  5:22  Probe  
  73  5:23  Probe  
  73  5:24  Pylon  
  73  5:27  Probe  
  76  5:31  Forge  
  76  5:33  Probe  
  76  5:35  Probe, Pylon  
  77  5:38  Pylon, Assimilator  
  77  5:39  Probe  
  77  5:42  Assimilator  
  79  5:44  Probe  
  79  5:47  Immortal (Chrono Boost)  
  79  5:49  Protoss Ground Armor Level 1 (Chrono Boost)  
  84  5:50  Probe  
  84  5:51  Resonating Glaives  
  84  5:52  Probe  
  84  5:53  Gateway  
  84  5:54  Probe  
  87  6:01  Probe  
  87  6:04  Probe, Photon Cannon  
  89  6:05  Probe  
  89  6:07  Pylon  
  90  6:11  Probe  
  90  6:14  Photon Cannon  
  90  6:15  Probe, Pylon  
  90  6:16  Probe, Pylon  
  93  6:19  Sentry x2  
  93  6:22  Probe, Adept  
  100  6:29  Immortal  
  104  6:34  Probe  
  104  6:45  Templar Archives  
  104  6:46  Pylon  
  105  6:48  Gateway x2  
  105  6:49  Pylon  
  105  6:51  Gateway  
  104  6:54  Protoss Ground Weapons Level 1 (Chrono Boost)  
  104  7:00  Adept x3  
  110  7:02  Stalker  
  110  7:04  Stalker  
  114  7:13  Immortal  
  118  7:15  Blink  
  118  7:28  Adept x3  
  118  7:29  Stalker x2  
  128  7:52  Immortal  
  132  8:03  High Templar x4, Protoss Ground Armor Level 2 (Chrono Boost)  
  132  8:04  Nexus, Psionic Storm, High Templar  
  142  8:06  Pylon x2  
  142  8:10  Pylon  
  142  8:15  Photon Cannon  
  142  8:16  Zealot x3  
  148  8:32  Observer  
  149  8:37  Pylon, Robotics Facility  
  149  8:42  Archon  
  149  8:43  Archon  
  149  8:46  Adept, Stalker x3  
  149  8:47  Adept x4  
  169  9:03  Charge  
  169  9:07  Stalker x3  
  169  9:08  Stalker x2  
  169  9:09  Stalker x3  
  181  9:46  Adept x4  
  181  9:47  Adept x4  
  118  10:03  Immortal  
  108  10:12  High Templar x2, Zealot  
  108  10:13  Zealot, Stalker x4  
  116  10:29  Immortal (Chrono Boost)  
  120  10:36  High Templar x2  
  120  10:37  Zealot x4  
  136  10:43  Immortal (Chrono Boost)  
  136  10:45  Protoss Ground Weapons Level 2 (Chrono Boost)  
  136  10:54  Photon Cannon  
  136  10:55  Zealot  
  136  10:56  Zealot  
  136  10:57  Photon Cannon, Pylon  
  140  11:03  Zealot x4  
  148  11:04  Assimilator  
  148  11:08  Immortal (Chrono Boost), Assimilator  
  148  11:09  Zealot x2  
  156  11:19  High Templar  
  156  11:20  Zealot, Immortal (Chrono Boost)  
  156  11:24  Archon  
  136  11:40  Zealot x2  
  136  11:41  Zealot x5  
  136  11:42  Observer (Chrono Boost)  
  136  11:46  Archon x2  
  145  11:51  Adept  
  145  11:52  Probe  
  145  11:53  Probe x3  
  155  11:54  Immortal (Chrono Boost)  
  155  11:59  Pylon, Assimilator  
  155  12:01  Immortal (Chrono Boost)  
  159  12:05  Protoss Ground Armor Level 3, Robotics Bay  
  159  12:06  Pylon  
  159  12:10  Zealot x3  
  159  12:11  Zealot x2  
  159  12:13  High Templar  
  159  12:14  High Templar x2  
  175  12:17  Archon  
  174  12:32  Zealot x5  
  174  12:49  Zealot x3  
  147  12:57  Zealot x2  
  147  12:58  Zealot x3  
  83  13:14  Zealot x2  
  83  13:16  Immortal x2 (Chrono Boost)  
  83  13:19  High Templar x4  
  103  13:20  High Templar  
  103  13:21  High Templar  
  103  13:23  Archon x2  
  103  13:24  Archon  
  107  13:31  Extended Thermal Lance (Chrono Boost)  
  107  13:34  Zealot  
  107  13:35  Zealot  
  111  13:44  Colossus x2 (Chrono Boost)  
  111  13:52  Zealot x3  
  129  14:00  Nexus  
  128  14:05  Zealot  
  130  14:22  Zealot  
  131  14:28  Colossus  
  131  14:29  High Templar x3  
  131  14:30  High Templar, Zealot x2, Pylon  
  131  14:31  Pylon  
  141  14:33  Observer, Zealot  
  141  14:34  Archon x2  
  150  14:50  Stalker x3  
  150  14:52  Observer  
  155  14:58  Zealot  
  158  15:05  Colossus, Zealot x3  
  170  15:21  Nexus  
  170  15:30  High Templar x3  
  170  15:31  High Templar  
  170  15:35  Archon x2  
  178  15:37  Zealot  
  178  15:41  Zealot  
  172  16:04  High Templar x3  
  174  16:05  High Templar, Zealot  
  174  16:06  Zealot x3  
  174  16:08  Archon x2  
  128  17:01  Stalker x5  
  128  17:02  Stalker  
  138  17:26  Probe x3  
  139  17:48  High Templar x4  
  139  17:50  High Templar x2  
  151  17:52  Archon  
  151  17:53  Archon x2  
  151  18:02  Zealot  
  151  18:03  Zealot  
  155  18:22  High Templar x2, Zealot x4  
  155  18:23  Zealot x2  
  155  18:26  Archon  
  112  18:43  Zealot x4  
  112  18:44  Zealot x2  
Show
View Real Time Build Order
Export as new Build Order

Buster Terran - Winner!

Build Orders: MMM Bio 

Get SALT Encoding   

  12  0:00  SCV  
  13  0:13  SCV  
  14  0:17  Supply Depot  
  14  0:25  SCV  
  15  0:39  SCV  
  15  0:41  Barracks  
  16  0:46  Refinery  
  16  0:51  SCV  
  17  1:03  SCV  
  18  1:15  SCV  
  19  1:28  Orbital Command  
  19  1:29  Barracks Reactor  
  19  1:41  Command Center  
  19  1:53  Supply Depot, SCV  
  20  2:06  Factory, SCV  
  21  2:08  Marine  
  21  2:10  Marine  
  23  2:18  SCV  
  24  2:26  Marine  
  25  2:30  SCV  
  26  2:40  Marine  
  26  2:42  SCV  
  28  2:52  Widow Mine, Starport  
  28  2:54  Orbital Command, SCV  
  28  2:57  Marine  
  28  2:58  Marine  
  32  3:02  Supply Depot  
  33  3:06  SCV  
  34  3:15  Marine  
  34  3:16  Marine  
  34  3:18  SCV  
  37  3:21  SCV  
  38  3:27  Supply Depot  
  38  3:30  Medivac, SCV  
  38  3:33  Marine, SCV  
  43  3:37  Widow Mine  
  45  3:42  SCV  
  45  3:45  SCV  
  45  3:48  Marine  
  48  3:51  Marine  
  48  3:54  SCV  
  50  3:57  SCV  
  50  3:59  Command Center  
  51  4:07  SCV  
  51  4:09  SCV  
  53  4:12  Starport Tech Lab  
  53  4:13  Factory Tech Lab  
  53  4:14  Marine  
  53  4:15  Marine  
  53  4:16  Barracks x2  
  55  4:19  SCV  
  55  4:21  SCV  
  55  4:22  Refinery  
  57  4:28  Refinery  
  57  4:30  Engineering Bay  
  57  4:31  SCV  
  58  4:33  SCV  
  58  4:35  Supply Depot  
  59  4:41  Marine x2  
  59  4:43  SCV  
  62  4:52  SCV  
  62  4:57  SCV  
  60  5:03  Marine x2  
  60  5:04  SCV  
  60  5:06  Starport Reactor  
  63  5:09  Terran Infantry Weapons Level 1, SCV  
  63  5:11  Orbital Command  
  63  5:13  Stimpack, Marauder x2  
  68  5:16  SCV  
  68  5:17  Refinery  
  68  5:21  Combat Shields, SCV  
  69  5:22  Marine x2  
  72  5:28  SCV  
  72  5:33  Orbital Command  
  72  5:34  Barracks, Marauder x2  
  72  5:35  Barracks  
  77  5:36  SCV  
  77  5:41  SCV  
  79  5:45  Supply Depot, Marine  
  79  5:46  Supply Depot  
  79  5:48  SCV  
  81  5:54  SCV  
  81  5:55  Marauder  
  84  5:59  SCV  
  85  6:06  Marine, Medivac x2  
  85  6:07  Widow Mine, Supply Depot, Marine, SCV, Marauder  
  85  6:08  Supply Depot  
  85  6:09  Supply Depot  
  85  6:10  SCV  
  97  6:11  SCV  
  98  6:20  SCV  
  98  6:21  Marauder  
  98  6:22  Barracks Reactor, Barracks Tech Lab  
  101  6:28  Marine x2, SCV x2  
  101  6:29  Supply Depot  
  101  6:32  SCV  
  106  6:34  Marauder  
  106  6:36  Medivac x2  
  111  6:40  SCV x2  
  111  6:43  Marauder  
  111  6:44  SCV  
  116  6:48  Marine x2, Marauder  
  116  6:51  Refinery, Ghost Academy  
  116  6:52  Supply Depot, SCV  
  116  6:53  Refinery  
  121  6:56  Marauder  
  121  6:58  SCV  
  121  6:59  SCV  
  125  7:01  Marine  
  125  7:02  Marine  
  125  7:04  SCV, Marauder  
  125  7:06  Marine x2  
  132  7:10  Supply Depot  
  132  7:13  Widow Mine  
  136  7:19  Marine x2  
  139  7:23  Marine x2  
  139  7:27  Ghost  
  139  7:28  Ghost  
  141  7:31  Ghost  
  141  7:32  Supply Depot  
  141  7:34  Supply Depot, Terran Infantry Armor Level 1  
  141  7:35  Supply Depot  
  143  7:37  Marine x2  
  143  7:41  Marine x2  
  146  7:55  Marine x2, Ghost  
  146  7:56  Ghost  
  152  7:59  Marine x2, Command Center  
  152  8:00  Ghost  
  156  8:13  Marine x2, Barracks  
  156  8:15  Barracks x2  
  156  8:17  Widow Mine, Marine x2  
  162  8:24  Supply Depot  
  162  8:25  Marauder x2  
  162  8:26  Supply Depot  
  166  8:27  Supply Depot  
  166  8:29  Marauder  
  166  8:33  Marine x2  
  166  8:34  Medivac  
  172  8:35  Marine  
  172  8:38  Marine  
  173  8:44  Armory  
  173  8:46  Medivac  
  173  8:47  Supply Depot  
  175  8:49  Supply Depot, Ghost x2  
  175  8:50  Supply Depot  
  175  8:51  Marine x2  
  175  8:52  Marine  
  182  8:56  Marine  
  182  9:05  Barracks Reactor, Barracks Tech Lab x2  
  182  9:06  Ghost  
  182  9:08  Marine  
  185  9:18  Ghost x2  
  189  9:24  Ghost x2  
  189  9:25  Marine  
  189  9:26  Marine x3  
  196  9:51  Marauder x3  
  169  9:53  Marauder  
  169  9:54  Marine x3, Marauder  
  169  9:55  Marine x3  
  168  10:00  Planetary Fortress  
  168  10:03  Missile Turret  
  160  10:12  Marauder x2  
  160  10:13  Marine x2, Marauder  
  160  10:14  Marine x3  
  166  10:15  Marauder  
  166  10:16  Terran Infantry Weapons Level 2, Marauder  
  173  10:32  Marine x2  
  173  10:33  Marine x4  
  173  10:34  Marauder x2  
  173  10:35  Marauder  
  185  10:36  Marauder  
  185  10:37  Marauder  
  185  10:42  Command Center  
  189  10:43  Terran Ship Weapons Level 1  
  189  10:56  Marine x3  
  192  10:57  Marine x2  
  192  10:58  Marauder x3  
  199  11:14  Marine  
  199  11:16  Personal Cloaking  
  195  11:35  Marauder  
  195  11:39  Marauder x4  
  194  11:56  Command Center  
  194  11:57  Marauder  
  194  12:00  Marauder  
  198  12:03  Command Center  
  198  12:06  Ghost  
  198  12:37  Ghost  
  198  12:38  Planetary Fortress  
  198  12:41  Missile Turret  
  178  12:56  Marauder x2  
  167  13:02  Marine  
  167  13:03  Marine x3, Marauder x2  
  156  13:05  Marine  
  156  13:06  Marine, Marauder  
  156  13:07  Widow Mine, Medivac x2  
  156  13:12  Orbital Command  
  162  13:15  Terran Infantry Weapons Level 3  
  162  13:18  Marauder  
  162  13:19  Orbital Command  
  164  13:20  Marine x2  
  164  13:21  Marine x2  
  164  13:26  Liberator x2  
  168  13:33  Marine  
  169  13:34  Marine  
  169  13:36  Marauder x4  
  169  13:37  Command Center  
  169  13:38  Marine x4  
  169  13:39  Marauder  
  169  13:40  Widow Mine  
  192  13:51  Marine  
  192  13:53  Marine  
  194  13:56  Marine x3  
  194  13:57  Marauder  
  199  14:09  Marine  
  199  14:14  Marine  
  198  14:39  Marauder  
  200  14:51  Command Center  
  200  14:52  Missile Turret  
  200  14:53  Command Center  
  200  14:54  Command Center  
  200  14:55  Command Center  
  198  15:09  Starport  
  198  15:12  Refinery  
  198  15:13  Refinery  
  198  15:17  Starport  
  198  15:28  Planetary Fortress  
  198  15:37  Terran Ship Weapons Level 2  
  192  16:03  Viking x4  
  199  16:07  Planetary Fortress  
  199  16:08  Orbital Command x2  
  199  16:20  Orbital Command  
  199  16:36  Viking  
  199  16:37  Viking  
  177  16:53  Viking x2  
  180  16:54  Marauder x3  
  180  16:55  Marauder  
  183  17:06  Viking, Marauder  
  183  17:07  Viking  
  189  17:16  Marauder x3  
  190  17:23  Viking  
  190  17:24  Viking  
  190  17:27  Orbital Command  
  194  17:36  Viking  
  193  17:48  Viking  
  193  17:53  Viking  
  193  17:54  Viking  
  193  17:55  Command Center  
  193  17:56  Nuke  
  193  17:58  Ghost Academy x2  
  197  18:00  Ghost Academy  
  197  18:06  Viking  
  199  18:15  Command Center  
  180  18:44  Marine x2, Marauder x4  
  180  18:50  Marine x3, Marauder  
  180  18:51  Viking  
  180  18:52  Viking x3  
  193  19:05  Marauder x2  
Tags
 
Add a new tag
Caveats
  • Supply blocks, unpowered buildings, or Contaminate may cause inaccurate times.
  • Supply counts are checked every 10 seconds.